 Dungeon Crawl Stone Soup version 0.26-a0-812-g31a745ddcd (webtiles) character file.

Game seed: 8195871979946517569

2 Lanoc the Grasshopper (level 1, 0/12 HPs)
             Began as a Kobold Warper on Nov 18, 2020.
             Slain by a jackal (2 damage)
             ... on level 1 of the Dungeon.
             The game lasted 00:00:20 (170 turns).

Lanoc the Grasshopper (Kobold Warper)                Turns: 170, Time: 00:00:21

Health: 0/12       AC:  3    Str:  8    XL:     1   Next: 33%
Magic:  3/3        EV: 14    Int: 14    God:
Gold:   0          SH:  0    Dex: 14    Spells: 4/4 levels left

rFire    . . .     SeeInvis .   a - +0 short sword
rCold    . . .     Faith    .   (shield restricted)
rNeg     . . .     Spirit   .   b - +0 leather armour
rPois    .         Reflect  .   (no helmet)
rElec    .         Harm     .   (no cloak)
rCorr    .         Rampage  .   (no gloves)
MR       .....                  (no boots)
Stlth    ++........             (no amulet)
HPRegen  0.04/turn              (no ring)
MPRegen  0.08/turn              (no ring)

@: no status effects
A: small, nightstalker 3
a: no special abilities


You were on level 1 of the Dungeon.
You visited 1 branch of the dungeon, and saw 1 of its levels.

Inventory:

Hand Weapons
 a - a +0 short sword (weapon)
Missiles
 e - 4 boomerangs of dispersal (quivered)
Armour
 b - a +0 leather armour (worn)
Scrolls
 d - a scroll of blinking
Potions
 c - a potion of mutation {unknown}


   Skills:
 + Level 2.2 Fighting
 * Level 2.8 Short Blades
 - Level 1.1 Throwing
 - Level 0.7 Armour
 + Level 2.4 Dodging
 + Level 0.2 Stealth
 - Level 2.1 Spellcasting
   Level 3.0 Translocations


You had 4 spell levels left.
You didn't know any spells.
Your spell library contained the following spells:

 Spells                   Type           Power        Failure   Level
 Blink                    Tloc           N/A          14%         2
 Gell's Gravitas          Tloc           #.........   28%         3
 Lesser Beckoning         Tloc           #.........   28%         3
 Teleport Other           Tloc           #.......     28%         3
 Passage of Golubria      Tloc           N/A          67%         4


Dungeon Overview and Level Annotations

Branches:
Dungeon (1/15)

Altars:


Innate Abilities, Weirdness & Mutations

You are small and have problems with some larger weapons.
You are completely attuned to the shadows.


Message History

* * * LOW HITPOINT WARNING * * *
The jackal bites you but does no damage.
The jackal bites you but does no damage.
You hit the jackal.
The jackal is heavily wounded.
The jackal misses you.
Your leather armour prevents you from hitting the jackal.
The jackal is heavily wounded.
The jackal bites you.
* * * LOW HITPOINT WARNING * * *
You closely miss the jackal.
The jackal is heavily wounded.
The jackal bites you but does no damage.
Throwing (i - inventory)
e - 5 boomerangs of dispersal (quivered)
Press: ? - help, Shift-Dir - straight line, f - jackal
Aim: a jackal (heavily wounded)
You throw a boomerang of dispersal.
The boomerang of dispersal closely misses the jackal. x2
The jackal misses you. The jackal bites you.
You die...

#.#####.# #.# #.#
######.# #.#
#...##.#####'##
#...##.#......#
#...##.#......#
#...##'#......# ####
#.........########†...
#.............@hh'....
##............##h#....
#............##.#....
#...............+....
#.....###......##....
#.....# ####...#
#.....# #...# #######
#...#### #......##


You could see 3 jackals.

Vanquished Creatures
  A jackal (D:1)
  A rat (D:1)
2 creatures vanquished.

Notes
Turn   | Place    | Note
-------+----------+-------------------------------------------
     0 | D:1      | Lanoc the Kobold Warper began the quest for the Orb.
     0 | D:1      | Reached XP level 1. HP: 12/12 MP: 3/3
   170 | D:1      | Slain by a jackal

Illustrated notes

Levels and vault maps discovered:
D:1:      dpeg_arrival_pits, layout_basic, minmay_misc_feat_tower, minivault_5,
          minmay_misc_feat_chi

Action                   || total
-------------------------++-------
Melee: Short sword       ||    16
Throw: Boomerang         ||     1
Armor: Leather armour    ||     6
Dodge: Dodged            ||    28

Table legend: (Time is in decaauts)
 A = Elapsed time spent in this place.
 B = Non-inter-level travel time spent in this place.
 C = Inter-level travel time spent in this place.
 D = Time resting spent in this place.
 E = Time spent auto-exploring this place.
 F = Levels seen in this place.
 G = Mean time per level.
                   A        B        C        D        E       F      G
               +--------+--------+--------+--------+--------+-----+--------+
         Total |    169 |    169 |      0 |      0 |    146 |   1 |  169.0 |
       Dungeon |    169 |    169 |      0 |      0 |    146 |   1 |  169.0 |
               +--------+--------+--------+--------+--------+-----+--------+

Top non-repeatable levels by time:
     D:1: 169 daAuts
